Map: Orbital Shipyard

Players

Mufasa - Winner!

  • Race: Zerg Zerg
  • League: Diamond

SticklerMac

  • Race: Zerg Zerg
  • League: Platinum

VOD

Have the link to the VOD?

Description

Time

  • Played on: Nov. 14, 2015, 5:11 p.m.
  • Length: 5:42
Show
View Real Time Build Order
Export as new Build Order

Mufasa Zerg - Winner!

Build Orders: Pool First 

Get SALT Encoding   

  12  0:00  Drone  
  13  0:08  Drone  
  14  0:17  Overlord  
  14  0:23  Extractor  
  14  0:24  Drone  
  15  0:35  Drone x2  
  17  0:45  Spawning Pool  
  17  0:49  Drone  
  17  1:11  Hatchery  
  16  1:12  Drone  
  16  1:15  Extractor  
  17  1:18  Drone  
  17  1:29  Drone  
  17  1:32  Queen  
  20  1:36  Drone  
  20  1:37  Drone  
  22  1:47  Overlord  
  22  2:06  Drone  
  23  2:09  Queen  
  23  2:11  Drone  
  26  2:16  Metabolic Boost  
  26  2:20  Drone  
  27  2:32  Drone x2  
  27  2:34  Drone  
  30  2:40  Drone x3  
  33  2:48  Roach Warren  
  33  2:49  Drone  
  33  2:51  Spine Crawler  
  33  2:57  Drone  
  33  2:58  Overlord  
  33  3:02  Overlord  
  33  3:06  Overlord  
  33  3:30  Roach x4  
  41  3:34  Roach x3  
  41  3:35  Roach  
  41  3:39  Overlord  
  49  3:44  Overlord  
  49  3:46  Overlord  
  49  3:54  Zergling x6  
  49  3:55  Zergling x6  
  55  4:03  Zergling x4  
  57  4:13  Zergling x2  
  57  4:14  Zergling x2  
  57  4:15  Queen  
  61  4:21  Zergling x12  
  67  4:28  Zergling x4  
  69  4:39  Zergling x4  
  71  4:50  Zergling x6  
  74  4:53  Zergling x4  
  74  4:54  Zergling x6  
  79  5:04  Zergling x4  
  80  5:17  Zergling x4  
  77  5:23  Zergling x2  
  77  5:25  Zergling x2  
Show
View Real Time Build Order
Export as new Build Order

SticklerMac Zerg 

Build Orders: Hatch First 

Get SALT Encoding   

  12  0:01  Drone  
  13  0:13  Overlord  
  13  0:17  Drone  
  14  0:31  Drone  
  14  0:32  Drone  
  16  0:36  Drone  
  17  0:54  Hatchery  
  17  0:56  Drone  
  17  1:02  Drone  
  18  1:12  Overlord  
  18  1:17  Extractor  
  17  1:21  Spawning Pool  
  16  1:35  Drone  
  16  1:36  Drone  
  16  1:39  Drone  
  19  1:54  Drone  
  20  2:04  Drone  
  21  2:10  Drone  
  21  2:13  Zergling x2  
  23  2:17  Zergling x2  
  24  2:25  Zergling x2  
  25  2:30  Drone  
  25  2:32  Queen  
  25  2:33  Queen  
  25  2:34  Metabolic Boost  
  30  2:37  Zergling x2  
  31  2:44  Drone x2  
  33  2:51  Drone  
  33  2:55  Overlord  
  34  3:03  Hatchery  
  34  3:05  Drone, Baneling Nest  
  33  3:07  Drone  
  33  3:12  Drone  
  35  3:22  Zergling x4  
  37  3:27  Drone  
  37  3:32  Drone  
  39  3:44  Drone x5  
  44  3:48  Overlord  
  44  3:49  Overlord x2  
  44  3:53  Extractor  
  43  4:02  Drone x2  
  44  4:10  Drone  
  44  4:11  Drone, Roach Warren  
  44  4:16  Drone x2  
  40  4:52  Roach  
  40  4:53  Roach x8  
  40  4:57  Roach x3  
  64  5:02  Roach  
  64  5:04  Roach  
  60  5:12  Roach  
  60  5:18  Roach  
  45  5:22  Zergling x2  
  45  5:23  Zergling x8  
  45  5:24  Zergling x2  
Tags
 
Add a new tag
Caveats
  • Supply blocks, unpowered buildings, or Contaminate may cause inaccurate times.
  • Supply counts are checked every 10 seconds.